AoeStats
← Law_Enforcer12

Arena

507219724Analyzed
2v2 RM · 16d ago on Sep 17, 2026· 30m 11s· 4 players
Game mode
Random Map
Map size
Medium (4 player)
Population
200
Speed
Normal
Resources
Standard
Victory
Conquest
Starting age
Dark Age
Ending age
Imperial Age
RankedLock teamsTeams togetherTeam positionsShared explorationLock speedFull tech treeHidden civsTurbo modeCheats
Victory
Defeat
🇨🇳 Teutons · China
745
+9
🇲🇽 Celts · Mexico
614
+13
🇳🇿 Burmese · New Zealand
606
-30
🇳🇿 Vietnamese · New Zealand
524
-9
FernandoMaciel1
12:03 Feudal Age
14:34 Wheelbarrow
14:50 Double-Bit Axe
14:54 Horse Collar
17:38 Castle Age
16:27 Stone Mining
17:23 Gold Mining
19:03 Hand Cart
19:54 Heavy Plow
20:37 Bow Saw
25:20 Stone Shaft Mining
26:23 Gold Shaft Mining
27:44 Pikeman
oncemore
6:07 Loom
13:09 Feudal Age
14:05 Double-Bit Axe
18:10 Fletching
22:58 Castle Age
20:52 Gold Mining
21:02 Horse Collar
24:17 Bodkin Arrow
27:19 Stone Mining
27:55 Guard Tower
29:05 Stone Shaft Mining
yacob
11:14 Feudal Age
12:52 Wheelbarrow
12:22 Horse Collar
14:30 Double-Bit Axe
17:27 Gold Mining
20:45 Castle Age
19:38 Stone Mining
20:17 Scale Mail Armor
20:23 Padded Archer Armor
20:35 Man-at-Arms
22:47 Long Swordsman
24:09 Heavy Plow
24:18 Elite Skirmisher
25:09 Thumb Ring
29:21 Bow Saw
Law_Enforcer12
13:18 Feudal Age
14:23 Horse Collar
15:03 Man-at-Arms
18:02 Man-at-Arms
29:47 Castle Age
Connection lost

Rejoining the realm…

Still unreachable

The connection could not be restored.

Session expired

The server has moved on; the page needs a fresh start.